 Dungeon Crawl Stone Soup version 0.26-a0-631-ged93497179 (webtiles) character file.

Game seed: 8866903709117179133

51 Conn the Ogre Mage (level 3, 0/32 HPs)
             Began as an Ogre Hedge Wizard on Sept 13, 2020.
             Succumbed to an adder's poison
             ... on level 3 of the Dungeon.
             The game lasted 00:04:24 (1701 turns).

Conn the Ogre Mage (Ogre Hedge Wizard)              Turns: 1701, Time: 00:04:27

Health: 0/32       AC:  3    Str: 12 (14) XL:     3   Next: 83%
Magic:  3/9        EV:  9    Int: 14 (16) God:
Gold:   72         SH:  0    Dex:  6 (8)  Spells: 0/11 levels left

rFire    . . .     SeeInvis .   d - +0 short sword
rCold    . . .     Faith    .   (no shield)
rNeg     . . .     Spirit   .   b - +0 robe
rPois    .         Reflect  .   c - +0 hat
rElec    .         Harm     .   (no cloak)
rCorr    .         Rampage  .   (gloves unavailable)
MR       .....                  (boots unavailable)
Stlth    +.........             (no amulet)
HPRegen  0.10/turn              (no ring)
MPRegen  0.11/turn              (no ring)

@: lethally poisoned (0 -> -4), hasted, very quick
A: large, unfitting armour, tough skin 1
a: no special abilities


You were on level 3 of the Dungeon.
You visited 1 branch of the dungeon, and saw 3 of its levels.

You collected 72 gold pieces.

Inventory:

Hand Weapons
 a - a +0 dagger
 d - a +0 short sword (weapon)
Armour
 b - a +0 robe (worn)
 c - a +0 hat (worn)
Scrolls
 e - a scroll of teleportation


   Skills:
 + Level 0.7 Fighting
 + Level 0.5 Short Blades
 + Level 1.9 Dodging
 + Level 1.4 Stealth
 * Level 4.9 Spellcasting
 * Level 1.1 Conjurations
 + Level 0.8 Summonings
 + Level 0.8 Translocations


You couldn't memorise any spells.
You knew the following spells:

 Your Spells              Type           Power        Failure   Level
a - Magic Dart            Conj           #...         11%         1
b - Blink                 Tloc           N/A          19%         2
c - Call Imp              Summ           #.......     19%         2
d - Conjure Flame         Conj/Fire      #.......     38%         3
e - Mephitic Cloud        Conj/Pois/Air  #.......     41%         3

Your spell library contained the following spells:

 Spells                   Type           Power        Failure   Level
 Slow                     Hex            #.......     26%         2


Dungeon Overview and Level Annotations

Branches:
Dungeon (3/15)

Altars:
The Shining One


Innate Abilities, Weirdness & Mutations

You are too large for most types of armour.
You have tough skin. (AC +1)


Message History

* * * LOW HITPOINT WARNING * * *
You feel sick.
As you read the scroll labeled NECITT DYGRI, it crumbles to dust.
You feel strangely unstable.
It was a scroll of teleportation.
As you read the scroll labeled ELALOC EFE, it crumbles to dust.
You assume a fearsome visage.
Nothing appears to happen.
It was a scroll of fear.
* * * LOW HITPOINT WARNING * * *
You feel sick.
As you read the scroll labeled ESTEITEITZ, it crumbles to dust.
You feel blessed for a moment.
It was a scroll of remove curse.
Casting: Magic Dart (safe; 11% risk of failure)
Confirm with . or Enter, or press ? or * to list all spells.
Aiming: Magic Dart (safe; 11% risk of failure)
Press: ? - help, Shift-Dir - straight line, f - jackal
Aim: a jackal The magic dart hits the jackal.
The jackal is heavily wounded.
Your surroundings suddenly seem different.
You die... g.g. .... ggg.####... ggg..g..... gg........

...!.....#
.........+
#.....#
#...@.#
#######


You could see Robin (asleep), 3 hobgoblins and 7 goblins.

Vanquished Creatures
  An ooze (D:1)
  2 dart slugs
  2 leopard geckos
  A giant cockroach (D:1)
  A goblin (D:1)
  3 hobgoblins (D:1)
  2 jackals (D:2)
  4 bats (D:1)
  2 frilled lizards (D:1)
  8 kobolds
  6 rats
32 creatures vanquished.

Vanquished Creatures (collateral kills)
  An adder (D:2)
  2 goblins (D:1)
  A hobgoblin (D:1)
4 creatures vanquished.

Grand Total: 36 creatures vanquished

Notes
Turn   | Place    | Note
-------+----------+-------------------------------------------
     0 | D:1      | Conn the Ogre Hedge Wizard began the quest for the Orb.
     0 | D:1      | Reached XP level 1. HP: 16/16 MP: 5/5
    39 | D:1      | Found a glowing golden altar of the Shining One.
    86 | D:1      | You fall into a shaft and drop 1 floor!
   199 | D:2      | Reached skill level 4 in Spellcasting
   208 | D:2      | Reached XP level 2. HP: 18/24 MP: 7/7
   279 | D:2      | Learned a level 2 spell: Blink
   282 | D:2      | Learned a level 2 spell: Call Imp
   463 | D:1      | Reached skill level 1 in Conjurations
   620 | D:1      | Reached XP level 3. HP: 32/32 MP: 2/9
   625 | D:1      | Learned a level 3 spell: Conjure Flame
   629 | D:1      | Learned a level 3 spell: Mephitic Cloud
  1694 | D:3      | HP: 1/32 [poisoned by an adder]
  1701 | D:3      | Succumbed to an adder's poison

Illustrated notes

Levels and vault maps discovered:
D:1:      giann_wishing_wells, layout_basic, tso_altar
D:2:      layout_basic
D:3:      layout_basic, uniq_robin

Skill      XL: |  1  2 |
---------------+-------+-----
Spellcasting   | 4 |  4.9
Conjurations   | 1 |  1.1
Fighting       | |  0.7
Short Blades   | |  0.5
Dodging        | |  1.9
Stealth        | |  1.4
Summonings     | |  0.8
Translocations | |  0.8

Action                   || total
-------------------------++-------
Melee: Short sword       ||    42
       Dagger            ||     3
 Cast: Magic Dart        ||    60
       Call Imp          ||     2
  Use: Scroll            ||     3
       Potion            ||     2
 Stab: Sleeping          ||     1
Armor: Robe              ||    20
Dodge: Dodged            ||    34

Table legend: (Time is in decaauts)
 A = Elapsed time spent in this place.
 B = Non-inter-level travel time spent in this place.
 C = Inter-level travel time spent in this place.
 D = Time resting spent in this place.
 E = Time spent auto-exploring this place.
 F = Levels seen in this place.
 G = Mean time per level.
                   A        B        C        D        E       F      G
               +--------+--------+--------+--------+--------+-----+--------+
         Total |   1699 |   1683 |     16 |     89 |   1231 |   3 |  566.3 |
       Dungeon |   1699 |   1683 |     16 |     89 |   1231 |   3 |  566.3 |
               +--------+--------+--------+--------+--------+-----+--------+

Top non-repeatable levels by time:
     D:1: 1432 daAuts
     D:2: 262 daAuts
     D:3: 5 daAuts
